 Dungeon Crawl Stone Soup version 0.29.1-13-g9f3cf754e1 (webtiles) character file.

Game seed: 6893692918241771936

2643 croobank the Covert (level 9, -11/62 HPs)
             Began as an Octopode Delver on Jan 23, 2023.
             Was an Initiate of Gozag.
             Mangled by a yak (17 damage)
             ... on level 6 of the Dungeon.
             The game lasted 00:24:43 (8944 turns).

croobank the Covert (Octopode Delver)               Turns: 8944, Time: 00:24:44

Health: -11/62     AC:  1    Str: 11    XL:     9   Next: 62%
Magic:  14/15      EV: 15    Int: 16    God:    Gozag
Gold:   666        SH:  0    Dex: 14    Spells: 14/16 levels left

rFire   . . .      SeeInvis .   f - +1 dagger (venom)
rCold   . . .      Faith    .   (no shield)
rNeg    . . .      Spirit   .   (helmet restricted)
rPois   .          Reflect  .   z - amulet of regeneration
rElec   .          Harm     .   o - ring of willpower
rCorr   .          Rampage  .   (no ring)
Will    +....                   (no ring)
Stlth   +++++.....              (no ring)
HPRegen 1.00/turn               (no ring)
MPRegen 0.14/turn               (no ring)
                                (no ring)
                                (no ring)

@: wereblooded, gold aura, studying Earth Magic
A: almost no armour, amphibious, 8 rings, camouflage 1, gelatinous body 1,
(nimble swimmer 1), tentacles
a: Renounce Religion, Potion Petition, Call Merchant, Bribe Branch


You were on level 6 of the Dungeon.
You worshipped Gozag.
Gozag was pleased with you.
You visited 1 branch of the dungeon, and saw 6 of its levels.

You collected 914 gold pieces.
You spent 77 gold pieces at shops.
You paid 171 gold pieces to Gozag.

Inventory:

Hand Weapons
 a - a +1 hand axe of protection
 d - a +0 rapier
 f - a +1 dagger of venom (weapon)
 u - a +2 short sword of draining
Missiles
 e - 6 poisoned darts
 p - 2 throwing nets (quivered)
Jewellery
 l - an amulet of guardian spirit
 o - a ring of willpower (left tentacle)
 z - an amulet of regeneration (around mantle)
Wands
 c - a wand of polymorph (6)
Scrolls
 b - 3 scrolls of fog
 g - 2 scrolls of teleportation
 k - 3 scrolls of poison
 m - a scroll of magic mapping
 w - 2 scrolls of amnesia {unknown}
 x - a scroll of immolation {unknown}
 y - a scroll of acquirement
 A - a scroll of identify
 B - a scroll of noise {unknown}
Potions
 h - a potion of magic
 i - a potion of might
 j - a potion of cancellation {unknown}
 n - 5 potions of lignification
 q - 6 potions of curing
 s - 2 potions of haste
 t - a potion of mutation {unknown}
 v - 3 potions of attraction {unknown}
 C - 2 potions of berserk rage


   Skills:
 * Level 6.0 Fighting
 * Level 5.6 Axes
 * Level 5.7 Dodging
 * Level 10.1 Stealth
 * Level 4.4 Spellcasting
 + Level 3.0 Transmutations
 + Level 4.6 Earth Magic


You had 14 spell levels left.
You knew the following spells:

 Your Spells              Type           Power      Damage    Failure   Level
a - Wereblood             Tmut           13%        N/A       7%          2

Your spell library contained the following spells:

 Spells                   Type           Power      Damage    Failure   Level
 Sublimation of Blood     Necr           3%         N/A       24%         2
 Anguish                  Hex/Necr       1%         N/A       85%         4
 Cause Fear               Hex            1%         N/A       85%         4
 Dragon Form              Tmut           6%         N/A       100%        7
 Enfeeble                 Hex            1%         N/A       100%        7
 Summon Hydra             Summ           1%         N/A       100%        7
 Dragon's Call            Summ           1%         N/A       100%        9


Dungeon Overview and Level Annotations

Branches:
Dungeon (6/15)
 Temple: D:4-7

Altars:
Fedhas
Gozag
Hepliaklqana
Kikubaaqudgha
Trog
The Shining One

Shops:
D:1 !*


Innate Abilities, Weirdness & Mutations

You cannot wear most types of armour.
You are amphibious.
You can wear up to eight rings at the same time.
Your skin changes colour to match your surroundings (Stealth+).
Your rubbery body absorbs attacks. (AC +1, EV +1)
((You are camouflaged when in or above water. (Stealth+)))
You have tentacles for arms and can constrict up to eight enemies at once.


Message History

You open the door.
There is an open door here.
s - 2 potions of haste (gained 1)
There is an open door here.
There is an open door here.
Casting: Wereblood (safe; 7% risk of failure)
Confirm with . or Enter, or press ? or * to list all spells.
Your blood is infused with primal strength.
The yak bellows!
You hear a bellow!
The yak barely misses you. The yak closely misses you.
The yak attacks as you move away! The yak gores you!
You hit the yak.
The yak is poisoned.
Your squeeze misses the yak.
The yak is lightly wounded.
The yak gores you.
You hit the yak.
The yak looks as sick as possible!
The yak is lightly wounded.
The yak closely misses you. The yak attacks as you move away!
The yak gores you. The yak attacks as you move away! The yak gores you!
You barely miss the yak. You squeeze the yak!
The yak is severely wounded.
The yak completely misses you. The yak misses you.
You closely miss the yak.
The yak is severely wounded.
The yak gores you!
* * * LOW HITPOINT WARNING * * *
The yak misses you.
You hit the yak.
The yak looks as sick as possible!
You squeeze the yak.
The yak is almost dead.
You feel a bit better.
You kill the yak!
Your Fighting skill increases to level 6!
You hit the yak. Your squeeze misses the yak.
The yak is lightly wounded.
You howl as the wereblood boils in your veins!
The yak gores you!
* * * LOW HITPOINT WARNING * * *
The yak attacks as you move away! The yak gores you!
You die...
Your body crumbles into a pile of gold.

#..#.#..#######...####........##
#..#.#.......#.......#.........>
#..#'#.......#.......#..........
#............#.......'..........
#............#.......#..........
#............#.......#..........
#............#.......#..........
#............#..Y....#..........
###########...##@##...#..........
#........##...#####...###########
#........#[................
#........#.................
#........#.................
#........#.................
#........#.................
#........###'####################
######.......................#...


You could see a yak.

Vanquished Creatures
  Grinder (D:6)
  5 yaks
  An ice beast (D:5)
  3 ogres
  Blork the orc (D:4)
  5 necrophages
  3 scorpions
  A howler monkey (D:6)
  A jelly (D:5)
  2 hounds
  An orc priest (D:5)
  A gnoll bouda (D:3)
  2 iguanas
  5 orc wizards
  A scorpion zombie (D:4)
  A hound zombie (D:4)
  A howler monkey zombie (D:4)
  10 adders
  21 gnolls
  2 ufetubi (D:4)
  An adder zombie (D:4)
  5 worms
  2 dart slugs
  19 orcs
  4 bats
  8 endoplasms
  6 giant cockroaches
  6 goblins
  5 hobgoblins
  5 quokkas
  10 ball pythons
  2 frilled lizards
  8 kobolds
  6 rats
155 creatures vanquished.

Vanquished Creatures (others)
  13 plants (D:4)
13 creatures vanquished.

Grand Total: 168 creatures vanquished

Notes
Turn   | Place    | Note
-------+----------+-------------------------------------------
     0 | D:5      | croobank the Octopode Delver began the quest for the Orb.
     0 | D:5      | Reached XP level 1. HP: 16/16 MP: 1/1
   134 | D:6      | Noticed Grinder
   155 | D:5      | Noticed a hound
   203 | D:4      | Found a blossoming altar of Fedhas.
   205 | D:4      | Noticed a necrophage
   207 | D:4      | Noticed Blork the orc
   247 | D:4      | Reached XP level 2. HP: 8/21 MP: 2/2
   438 | D:3      | Found an ancient bone altar of Kikubaaqudgha.
   751 | D:2      | Reached XP level 3. HP: 26/26 MP: 3/3
   942 | D:2      | Reached skill level 7 in Stealth
  1265 | D:1      | Found Jyodotwa's Distillery.
  1281 | D:1      | Bought 2 potions of curing for 66 gold pieces
  1281 | D:1      | Bought a potion of degeneration for 11 gold pieces
  1306 | D:1      | Reached XP level 4. HP: 31/31 MP: 4/4
  1430 | D:1      | Found a faded altar of an unknown god.
  1736 | D:1      | Found Dosauty's General Store.
  2342 | D:2      | Reached skill level 1 in Spellcasting
  2752 | D:2      | Reached XP level 5. HP: 36/36 MP: 6/6
  2821 | D:2      | Found an ancient bone altar of Kikubaaqudgha.
  3217 | D:2      | Identified a scroll of acquirement
  3217 | D:2      | Acquired a manual of Earth Magic
  3793 | D:3      | Reached skill level 1 in Earth Magic
  3796 | D:3      | Reached XP level 6. HP: 17/43 MP: 8/8
  5388 | D:4      | Reached skill level 8 in Stealth
  5516 | D:4      | Reached XP level 7. HP: 46/48 MP: 10/10
  5748 | D:4      | Found an opulent altar of Gozag.
  5755 | D:4      | Killed Blork the orc
  5846 | D:4      | Became a worshipper of Gozag Ym Sagoz the Greedy
  5852 | D:4      | Reached skill level 1 in Transmutations
  6104 | D:4      | Reached XP level 8. HP: 51/54 MP: 10/12
  6416 | D:4      | Learned a level 2 spell: Wereblood
  6792 | D:5      | Reached skill level 5 in Fighting
  6792 | D:5      | Reached skill level 9 in Stealth
  7479 | D:5      | Found a bloodstained altar of Trog.
  7517 | D:6      | Paralysed by Grinder for 2 turns
  7532 | D:6      | Killed Grinder
  7533 | D:6      | Reached skill level 5 in Axes
  7533 | D:6      | Reached skill level 5 in Dodging
  7722 | D:6      | Reached XP level 9. HP: 52/61 MP: 12/14
  7822 | D:6      | Found a glowing golden altar of the Shining One.
  8020 | D:6      | Found a hazy altar of Hepliaklqana.
  8599 | D:5      | Reached skill level 10 in Stealth
  8944 | D:6      | Mangled by a yak

Illustrated notes

Levels and vault maps discovered:
D:1:      dpeg_arrival_arbitrary_a, layout_loops_ring, serial_shops,
          nicolae_lakefront_shop, nicolae_shop_crystal,
          dreamdust_ecumenical_altar_statues
D:2:      wad_river_or_something, layout_basic, basic_altar, dk_vineyard_2,
          minmay_bisected
D:3:      layout_loops_ring, amcnicky_altar_gilded,
          chequers_serial_rivers_micro_e, minmay_fractal_squares_diagonal_5
D:4:      layout_loops_corners, mainiacjoe_overflow_brackets,
          fedhas_altar_decomposition, grunt_tough_drop, uniq_blork_the_orc
D:5:      layout_cave_pools, lightli_temple_of_fire
D:6:      layout_gridville, mainiacjoe_overflow_surrounded_room, tso_altar,
          kennysheep_generic_room_15, uniq_grinder

Skill      XL: |  1  2  3  4  5  6  7  8  9 |
---------------+----------------------------+-----
Stealth        | 7 8 9 10 | 10.1
Spellcasting   | 1 2 3 4 |  4.4
Axes           | 3 4 5 |  5.6
Dodging        | 3 4 5 |  5.7
Earth Magic    | 1 2 3 4 |  4.6
Fighting       | 4 5 6 |  6.0
Transmutations | 1 2 3 |  3.0

Action                   |  1- 3 |  4- 6 |  7- 9 || total
-------------------------+-------+-------+-------++-------
Melee: Hand axe          |    39 |   163 |   140 ||   342
       Tentacles         |     9 |    42 |    75 ||   126
       Constrict         |     9 |    43 |    38 ||    90
       Punch             |       |     4 |     4 ||     8
       Dagger            |       |       |    64 ||    64
       Short sword       |       |       |    20 ||    20
Throw: Throwing net      |     1 |     2 |     1 ||     4
       Dart              |       |     2 |    10 ||    12
 Cast: Wereblood         |       |       |    16 ||    16
Evoke: Wand              |     3 |       |       ||     3
  Use: Scroll            |     2 |    15 |     1 ||    18
       Potion            |     1 |     3 |       ||     4
 Stab: Sleeping          |    15 |    16 |     9 ||    40
       Distracted        |       |     3 |     1 ||     4
       Held in net/web   |       |     1 |     1 ||     2
Armor: Skin              |     4 |    26 |    29 ||    59
Dodge: Dodged            |    19 |   100 |   102 ||   221
